 Dungeon Crawl Stone Soup version 0.22-a0-580-gd5db89c (webtiles) character file.

7221 galech the Fighter (level 11, -5/117 HPs)
             Began as an Ogre Berserker on July 3, 2018.
             Was a High Priest of Trog.
             Killed from afar by an ogre mage (15 damage)
             ... with a bolt of poison
             ... on level 1 of the Orcish Mines.
             The game lasted 00:15:37 (9780 turns).

galech the Fighter (Ogre Berserker)                 Turns: 9780, Time: 00:15:39

Health: -5/117     AC:  4    Str: 23    XL:     11   Next: 11%
Magic:  11/11      EV: 15    Int:  8    God:    Trog [*****.]
Gold:   889        SH:  9    Dex: 11    Spells: 10/10 levels left

rFire    . . .     SeeInvis .   i - +5 whip (elec)
rCold    + . .     Gourm    .   n - +0 shield
rNeg     . . .     Faith    .   b - +1 animal skin
rPois    .         Spirit   .   (helmet restricted)
rElec    .         Reflect  .   r - scarf {cloud immunity}
rCorr    .         Harm     .   (gloves unavailable)
MR       +++..                  (boots unavailable)
Stlth    ++........             (no amulet)
HPRegen  1.29/turn              u - +4 ring of evasion
MPRegen  0.12/turn              f - ring of protection from cold

@: lethally poisoned (-5 -> -6), regenerating, slowed, very slow
A: large, unfitting armour, tough skin 1
a: Berserk, Trog's Hand, Brothers in Arms, Renounce Religion


You were on level 1 of the Orcish Mines.
You worshipped Trog.
Trog was extremely pleased with you.
You were very hungry.

You visited 2 branches of the dungeon, and saw 11 of its levels.

You collected 889 gold pieces.

Inventory:

Hand Weapons
 a - a +0 mace
 i - a +5 whip of electrocution (weapon)
 o - a +2 mace of freezing
 w - the +1 rapier of a bailey {flame, MR- Str+2 Stlth+}
   (You found it on level 5 of the Dungeon)

   It has been specially enchanted to burn those struck by it, causing extra
   injury to most foes and up to half again as much damage against particularly
   susceptible opponents.
   It affects your strength (+2).
   It affects your resistance to hostile enchantments.
   It makes you more stealthy.
 y - a +3 mace
 C - a +0 flail of draining
 E - a +0 whip of freezing
Armour
 b - a +1 animal skin (worn)
 n - a +0 shield (worn)
 r - a scarf of cloud immunity (worn)
Jewellery
 f - a ring of protection from cold (right hand)
 u - a +4 ring of evasion (left hand)
Wands
 d - a wand of digging (8)
 q - a wand of random effects (49)
 t - a wand of scattershot (13)
 z - a wand of polymorph (19)
 F - a wand of acid (8)
Scrolls
 m - 2 scrolls of magic mapping
 x - 2 scrolls of remove curse
 B - 2 scrolls of identify
 D - a scroll of amnesia
 G - a scroll of summoning {unknown}
 H - a scroll of acquirement
 I - a scroll of enchant armour
Potions
 e - 5 potions of agility {unknown}
 g - 3 potions of haste {unknown}
 h - 2 potions of flight {unknown}
 j - 2 potions of degeneration {unknown}
 k - 2 potions of heal wounds {unknown}
 l - a potion of cancellation {unknown}
 p - a potion of lignification {unknown}
 s - 3 potions of resistance
 v - 2 potions of curing
Comestibles
 c - 18 rations
 J - 3 chunks of flesh


   Skills:
 + Level 10.1 Fighting
 + Level 5.2 Short Blades
 + Level 9.1 Maces & Flails
 + Level 7.2 Dodging
 + Level 3.9 Stealth
 + Level 4.9 Shields


You had 10 spell levels left.
You didn't know any spells.
Your spell library was empty.

Dungeon Overview and Level Annotations

Branches:
Dungeon (9/15)             Temple (0/1) D:6             Orc (2/2) D:9
    Elf (0/3) Orc:2
   Lair: D:8-11

Altars:
Fedhas
Ru
Xom

Shops:
Orc:1 :


Innate Abilities, Weirdness & Mutations

You are too large for most types of armour.
You have tough skin. (AC +1)


Message History

As you read the scroll of fear, it crumbles to dust.
You assume a fearsome visage.
The two-headed ogre looks frightened! x2
Some of the chunks of flesh in your inventory have rotted away.
You are confused.
Things that are here:
a chain mail; a mace You recover from your berserk rage.
Things that are here:
a chain mail; a dire flail You bump into the rock wall.
You feel yourself slow down.
You're too confused!
You feel less confused.
Your skin crawls.
You feel resistant to hostile enchantments.
You are feeling very hungry.
You hear some strange, mumbled words.
A bolt of poison appears from out of thin air!
The bolt of poison hits you!
You are poisoned.
You die...

##.###.....##.
#..........#..
##............
###.....#.....
##.......#.#...
##..#.........#'
##[[.....#.....+∩
##.#............#'
#@.###.###........
#..##### #.......#
##.....# ##.....##
####......####.#..###
##.##........#####.#
#.......#...## ###
##....#.##...#####
#....#####.....#.###
##....###....##....##


There were no monsters in sight!

Vanquished Creatures
  2 two-headed ogres
  Pikel (D:8)
  Prince Ribbit (D:8)
  2 hippogriffs
  A yak (D:7)
  A human (D:7)
  3 hogs (D:7)
  A hungry ghost (D:9)
  An ice beast (D:8)
  7 orc warriors
  A black bear (D:9)
  A sky beast (D:5)
  7 ogres
  A phantom (D:5)
  2 centaurs
  A big kobold (D:9)
  A gnoll sergeant (D:9)
  3 bullfrogs
  3 scorpions
  3 killer bees (D:8)
  12 wights
  2 howler monkeys
  A bullfrog zombie (D:7)
  4 crimson imps
  7 orc priests
  A jelly (D:7)
  3 hounds
  7 orc wizards
  A bullfrog skeleton (D:8)
  4 centaur skeletons
  4 worker ants
  2 iguanas (D:7)
  5 gnolls (D:9)
  11 adders
  A shadow imp (D:9)
  3 oozes
  2 adder skeletons
  A worm (D:5)
  2 dart slugs
  6 leopard geckos
  49 orcs
  2 ball pythons
  4 giant cockroaches
  8 goblins
  7 hobgoblins
  2 jackals (D:9)
  5 quokkas
  5 bats
  7 frilled lizards
  12 kobolds
  A leopard gecko skeleton (D:6)
  3 rats
227 creatures vanquished.

Vanquished Creatures (others)
  3 slaves (D:8)
  3 killer bees (D:8)
  A quokka (D:8)
7 creatures vanquished.

Grand Total: 234 creatures vanquished

Notes
Turn   | Place    | Note
-------+----------+-------------------------------------------
     0 | D:1      | galech the Ogre Berserker began the quest for the Orb.
     0 | D:1      | Reached XP level 1. HP: 24/24 MP: 1/1
   129 | D:1      | Reached XP level 2. HP: 32/32 MP: 2/2
   984 | D:2      | Reached XP level 3. HP: 36/40 MP: 3/3
  1064 | D:2      | Reached ** piety under Trog
  1133 | D:2      | Reached XP level 4. HP: 44/49 MP: 4/4
  1822 | D:3      | Found a shimmering altar of Xom.
  1957 | D:3      | Reached XP level 5. HP: 47/55 MP: 5/5
  2317 | D:4      | Found a blossoming altar of Fedhas.
  2339 | D:4      | Reached skill level 5 in Fighting
  2452 | D:4      | Reached XP level 6. HP: 16/66 MP: 6/6
  2912 | D:4      | Reached skill level 5 in Maces & Flails
  3091 | D:4      | Reached *** piety under Trog
  3091 | D:4      | Reached skill level 1 in Stealth
  3428 | D:5      | Entered Level 5 of the Dungeon
  3432 | D:5      | Got a smoking rapier
  3436 | D:5      | Noticed a sky beast
  3450 | D:5      | Killed a sky beast
  3450 | D:5      | Reached XP level 7. HP: 74/74 MP: 7/7
  3461 | D:5      | Identified the cursed +1 rapier of a bailey {flame, MR- Str+2 Stlth+} (You found it on level 5 of the Dungeon)
  3984 | D:5      | Reached skill level 6 in Fighting
  4186 | D:5      | Found a sacrificial altar of Ru.
  4242 | D:5      | Reached skill level 1 in Short Blades
  4378 | D:5      | Reached XP level 8. HP: 84/84 MP: 8/8
  4632 | D:6      | Found a staircase to the Ecumenical Temple.
  5036 | D:6      | Reached skill level 5 in Dodging
  5867 | D:7      | Reached skill level 7 in Fighting
  5867 | D:7      | Reached skill level 1 in Shields
  5987 | D:7      | Reached XP level 9. HP: 85/93 MP: 9/9
  6008 | D:7      | Reached **** piety under Trog
  6487 | D:7      | Reached skill level 5 in Short Blades
  6745 | D:7      | Reached skill level 8 in Fighting
  7215 | D:8      | Noticed Prince Ribbit
  7263 | D:8      | Killed Prince Ribbit
  7323 | D:8      | Noticed Pikel
  7338 | D:8      | Killed Pikel
  7338 | D:8      | Reached XP level 10. HP: 103/106 MP: 10/10
  7369 | D:8      | Reached skill level 9 in Fighting
  8212 | D:9      | Identified a scroll of acquirement
  8442 | D:9      | Found a staircase to the Orcish Mines.
  8519 | D:9      | Noticed a two-headed ogre
  8541 | D:9      | Killed a two-headed ogre
  8805 | D:9      | Found the +0 pair of fencer's gloves {+Riposte Dex+3}
  8881 | Orc:1    | Entered Level 1 of the Orcish Mines
  9039 | Orc:1    | Found Usialer's Book Shop.
  9092 | Orc:2    | Entered Level 2 of the Orcish Mines
  9135 | Orc:2    | Reached ***** piety under Trog
  9539 | Orc:2    | Found a staircase to the Elven Halls.
  9562 | Orc:2    | Reached XP level 11. HP: 82/117 MP: 11/11
  9724 | Orc:2    | Noticed a two-headed ogre
  9734 | Orc:2    | Noticed a two-headed ogre
  9736 | Orc:2    | Killed a two-headed ogre
  9736 | Orc:2    | Reached skill level 10 in Fighting
  9739 | Orc:2    | Noticed an ogre mage
  9739 | Orc:2    | Noticed a two-headed ogre
  9747 | Orc:2    | Noticed an ogre mage
  9748 | Orc:2    | Noticed an ogre mage
  9748 | Orc:2    | Noticed a two-headed ogre
  9752 | Orc:2    | Noticed a two-headed ogre
  9753 | Orc:2    | Noticed a two-headed ogre
  9764 | Orc:2    | HP: 4/117 [two-headed ogre/dire flail (19)]
  9780 | Orc:1    | Killed from afar by an ogre mage

Vault maps used:
D:1:      eino_arrival_water_star
D:2:      minmay_misc_feat_four_crosses
D:3:      nicolae_overflow_crystal_walls, first_ration
D:4:      fedhas_altar_2
D:5:      basic_altar
D:6:      minmay_temple_entry_grid
D:7:      grunt_livestock, hex_medium
D:8:      uniq_pikel, uniq_prince_ribbit1
D:9:      erik_orc_3
Orc:1:    serial_shops, nicolae_shop_behind_doors, nicolae_orc_bridge_out,
          guppyfry_library_mini
Orc:2:    st_orc_ogre_mass

Skill      XL: |  1  2  3  4  5  6  7  8  9 10 11 |
---------------+----------------------------------+-----
Maces & Flails | 3 4 5 7 8 9 |  9.1
Dodging        | 3 4 5 6 7 |  7.2
Fighting       | 5 6 7 8 9 10 | 10.1
Stealth        | 1 2 3 |  3.9
Short Blades   | 2 4 5 |  5.2
Shields        | 1 3 4 |  4.9

Action                   |  1- 3 |  4- 6 |  7- 9 | 10-12 || total
-------------------------+-------+-------+-------+-------++-------
Melee: Mace              |    10 |       |       |       ||    10
       Whip              |    59 |   117 |   136 |   251 ||   563
       Rapier            |       |       |   182 |       ||   182
Invok: Berserk           |       |     2 |     4 |     7 ||    13
       Trog's Hand       |       |     1 |     3 |     3 ||     7
  Use: Scroll            |       |       |    14 |     4 ||    18
 Stab: Sleeping          |       |     1 |     3 |     4 ||     8
       Distracted        |       |       |     1 |       ||     1
  Eat: Chunk             |       |     7 |     7 |    18 ||    32
       Ration            |       |     1 |     3 |       ||     4
Armor: Animal skin       |    11 |    21 |    40 |    13 ||    85
Dodge: Dodged            |    39 |    54 |   170 |   155 ||   418
Block: Shield            |       |       |    68 |   113 ||   181

Table legend:
 A = Spawn XP
 B = Non-spawn XP
 C = Spawn XP percentage of total XP
 D = Spawn monster count
 E = Non-spawn monster count
 F = Spawn count percentage of total count
 G = Total turns spent on level
                    A         B        C        D         E        F      G
               +---------+---------+-------+---------+---------+-------+---------
         Total |       0 |   10316 |   0.0 |       0 |     227 |   0.0 |  9780
               +---------+---------+-------+---------+---------+-------+---------
           D:1 |       0 |      22 |   0.0 |       0 |      13 |   0.0 |   821
           D:2 |       0 |      99 |   0.0 |       0 |      20 |   0.0 |   840
           D:3 |       0 |      61 |   0.0 |       0 |      22 |   0.0 |   628
           D:4 |       0 |     387 |   0.0 |       0 |      13 |   0.0 |  1139
           D:5 |       0 |     724 |   0.0 |       0 |      23 |   0.0 |  1144
           D:6 |       0 |     378 |   0.0 |       0 |      13 |   0.0 |   719
           D:7 |       0 |    1959 |   0.0 |       0 |      31 |   0.0 |  1800
           D:8 |       0 |    1964 |   0.0 |       0 |      21 |   0.0 |   874
           D:9 |       0 |    2598 |   0.0 |       0 |      46 |   0.0 |   916
         Orc:1 |       0 |     142 |   0.0 |       0 |       3 |   0.0 |   226
         Orc:2 |       0 |    1982 |   0.0 |       0 |      22 |   0.0 |   673
               +---------+---------+-------+---------+---------+-------+---------
